 Dungeon Crawl Stone Soup version 0.30-a0-802-gb92711bcdf (webtiles) character file.

Game seed: 3915320905602369239

6 sircluck the Covert (level 1, 0/23 HPs)
             Began as a Gnoll Delver on Feb 24, 2023.
             Slain by a kobold brigand
             ... wielding a +0 short sword
              (9 damage)
             ... on level 7 of the Dungeon.
             The game lasted 00:00:27 (68 turns).

sircluck the Covert (Gnoll Delver)                    Turns: 68, Time: 00:00:28

Health: 0/23       AC:  3    Str: 11    XL:     1   Next: 90%
Magic:  1/1        EV: 13    Int:  9    God:
Gold:   0          SH:  0    Dex: 13    Spells: 0/0 levels left

rFire   . . .      SeeInvis .    a - +0 mace
rCold   . . .      Faith    .    (no shield)
rNeg    . . .      Spirit   .    b - +0 leather armour
rPois   .          Reflect  .    (no helmet)
rElec   .          Harm     .    (no cloak)
rCorr   .          Rampage  .    (no gloves)
Will    .....                    (no boots)
Stlth   ++++                     (no amulet)
HPRegen 0.23/turn                (no ring)
MPRegen 0.07/turn                (no ring)

@: lethally poisoned (0 -> -3)
A: fangs 1, strong nose, distributed training
a: no special abilities


You were on level 7 of the Dungeon.
You visited 1 branch of the dungeon, and saw 3 of its levels.

Inventory:

Hand Weapons
 a - a +0 mace (weapon)
Armour
 b - a +0 leather armour (worn)
Wands
 g - a wand of digging (3)
Scrolls
 c - a scroll of fog
 d - a scroll of magic mapping
 e - a scroll of fear
Potions
 f - a potion of haste


   Skills:
 + Level 6.4 Fighting
 + Level 0.2 Short Blades
 + Level 0.2 Long Blades
 + Level 0.2 Axes
 + Level 4.4 Maces & Flails
 + Level 0.2 Polearms
 + Level 0.2 Staves
 + Level 0.2 Ranged Weapons
 + Level 0.2 Throwing
 + Level 0.2 Armour
 + Level 4.4 Dodging
 + Level 9.5 Stealth
 + Level 0.2 Shields
 + Level 0.2 Unarmed Combat
 + Level 0.2 Spellcasting
 + Level 0.1 Conjurations
 + Level 0.1 Hexes
 + Level 0.1 Summonings
 + Level 0.1 Necromancy
 + Level 0.1 Translocations
 + Level 0.1 Transmutations
 + Level 0.1 Fire Magic
 + Level 0.1 Ice Magic
 + Level 0.1 Air Magic
 + Level 0.1 Earth Magic
 + Level 0.1 Poison Magic
 + Level 0.3 Invocations
 + Level 0.2 Evocations


You couldn't memorise any spells.
You didn't know any spells.
Your spell library was empty.

Dungeon Overview and Level Annotations

Branches:
Dungeon (7/15)
 Temple: D:4-7

Altars:

Shops:
D:7 *


Innate Abilities, Weirdness & Mutations

You have very sharp teeth.
Your uncanny sense of smell can sniff out nearby items.
Your experience applies equally to all skills.


Message History

There is a stone staircase leading up here.
You sock the ufetubus!
You kill the ufetubus!
No target in view!
No target in view!
A bullfrog comes into view.
Found a stone staircase leading up.
A kobold comes into view. It is wielding a +0 short sword.
A kobold brigand comes into view.
It is wielding a +0 short sword and quivering poisoned darts.
The kobold brigand shouts!
A kobold comes into view.
It is wielding a +0 club and quivering poisoned darts.
A kobold comes into view. It is wielding a +0 dagger.
Found Cesmy's General Store.
The kobold shouts! x2
The kobold barely misses you.
You hit the kobold.
You kill the kobold!
The kobold brigand throws a poisoned dart.
The poisoned dart hits you!
You are poisoned.
You feel very sick. The kobold brigand barely misses you.
Things that are here:
a +0 short sword; 4 stones; a kobold corpse You hit the kobold brigand.
The kobold brigand is lightly wounded.
You feel sick.
The kobold brigand hits you with a +0 short sword.
You closely miss the kobold brigand.
The kobold brigand is lightly wounded.
You feel sick. The kobold brigand misses you.
You hit the kobold brigand.
The kobold brigand is moderately wounded.
You feel sick.
The kobold brigand hits you with a +0 short sword.
You barely miss the kobold brigand. You bite the kobold brigand.
The kobold brigand is moderately wounded.
You feel sick.
The kobold brigand hits you with a +0 short sword!
You die...

..# #.# ..#
#.# #K# # #K#
#.#K#
###.#.#@#
.∩#.#.#.#
.##.#.#.# #
#.#.# #.## #
#.# ... #.#
.##########.#
#..
............#
#.#
#..#.#...####


You could see a kobold brigand and 2 kobolds.

Vanquished Creatures
  An ufetubus (D:7)
  A kobold (D:7)
2 creatures vanquished.

Notes
Turn   | Place    | Note
-------+----------+-------------------------------------------
     0 | D:5      | Reached skill level 9 in Stealth
     0 | D:5      | sircluck the Gnoll Delver began the quest for the Orb.
     0 | D:5      | Reached XP level 1. HP: 23/23 MP: 1/1
     1 | D:6      | Noticed an ogre
    37 | D:7      | Noticed a bullfrog
    59 | D:7      | Noticed a kobold brigand
    61 | D:7      | Found Cesmy's General Store.
    68 | D:7      | Slain by a kobold brigand

Illustrated notes

Levels and vault maps discovered:
D:5:      layout_loops_ring, minmay_temple_entry_junction,
          minmay_misc_feat_encased, chequers_serial_rivers_micro_c,
          kennysheep_crisscross
D:6:      layout_rooms
D:7:      layout_loops_ring, enter_bailey_2, nicolae_inconvenience_store,
          uniq_crazy_yiuf_cottage

Skill      XL: | |
---------------+-+-----
Stealth        | |  9.5
Fighting       | |  6.4
Short Blades   | |  0.2
Long Blades    | |  0.2
Axes           | |  0.2
Maces & Flails | |  4.4
Polearms       | |  0.2
Staves         | |  0.2
Ranged Weapons | |  0.2
Throwing       | |  0.2
Armour         | |  0.2
Dodging        | |  4.4
Shields        | |  0.2
Unarmed Combat | |  0.2
Spellcasting   | |  0.2
Conjurations   | |  0.1
Hexes          | |  0.1
Summonings     | |  0.1
Necromancy     | |  0.1
Translocations | |  0.1
Transmutations | |  0.1
Fire Magic     | |  0.1
Ice Magic      | |  0.1
Air Magic      | |  0.1
Earth Magic    | |  0.1
Poison Magic   | |  0.1
Invocations    | |  0.3
Evocations     | |  0.2

Action                     || total
---------------------------++-------
  Melee: Mace              ||     6
         Bite              ||     1
  Dodge: Dodged            ||    16

Table legend: (Time is in decaauts)
 A = Elapsed time spent in this place.
 B = Non-inter-level travel time spent in this place.
 C = Inter-level travel time spent in this place.
 D = Time resting spent in this place.
 E = Time spent auto-exploring this place.
 F = Levels seen in this place.
 G = Mean time per level.
                   A        B        C        D        E       F      G
               +--------+--------+--------+--------+--------+-----+--------+
         Total |     69 |     69 |      0 |      0 |      0 |   3 |   23.0 |
       Dungeon |     69 |     69 |      0 |      0 |      0 |   3 |   23.0 |
               +--------+--------+--------+--------+--------+-----+--------+

Top non-repeatable levels by time:
     D:7: 48 daAuts
     D:6: 11 daAuts
     D:5: 10 daAuts
